 Dungeon Crawl Stone Soup version 0.20.0-15-g7f486f2 (webtiles) character file.

651 straycat the Sneak (level 7, -2/53 HPs)
             Began as a Vampire Fighter on June 21, 2017.
             Slain by a sky beast (5 damage)
             ... on level 5 of the Dungeon.
             The game lasted 00:12:07 (4866 turns).

straycat the Sneak (Vampire Fighter)                Turns: 4866, Time: 00:12:08

Health: -2/53      AC:  7    Str: 15    XL:     7   Next: 28%
Magic:  7/7        EV: 10    Int: 10    God:
Gold:   183        SH:  9    Dex: 16    Spells: 6/6 levels left

rFire    . . .     SeeInvis +   a - +0 rapier
rCold    . . .     Gourm    .   c - +0 shield
rNeg     + . .     Faith    .   b - +0 scale mail
rPois    .         Spirit   .   (no helmet)
rElec    .         Reflect  .   (no cloak)
rCorr    .         Harm     .   (no gloves)
MR       .....                  w - +0 pair of boots
Stlth    ++........             (no amulet)
Regen    0.2/turn               (no ring)
MPRegen  0.1/turn               (no ring)

@: lethally poisoned (-2 -> -3)
A: fangs 3, see invisible, unbreathing
a: Bat Form


You were on level 5 of the Dungeon.
You were not thirsty.

You visited 2 branches of the dungeon, and saw 6 of its levels.

You collected 183 gold pieces.

Inventory:

Hand Weapons
 a - a +0 rapier (weapon)
 d - a +2 flail of protection
 E - a +0 hand crossbow
Missiles
 m - 90 stones (quivered)
 o - 26 bolts
 p - 9 tomahawks
 v - 29 poisoned needles
 z - 21 arrows
Armour
 b - a +0 scale mail (worn)
 c - a +0 shield (worn)
 w - a +0 pair of boots (worn)
Magical Staves
 D - an uncursed staff of poison {unknown}
Jewellery
 g - a +4 ring of strength {unknown}
 C - a cursed ring of loudness {unknown}
 G - an uncursed ring of ice {unknown}
Scrolls
 f - 2 scrolls of blinking {unknown}
 i - 3 scrolls of teleportation {unknown}
 j - 2 scrolls of fog {unknown}
 k - 5 scrolls of remove curse {unknown}
 l - a scroll of magic mapping {unknown}
 n - a scroll of amnesia {unknown}
 q - 8 scrolls of identify {unknown}
 x - a scroll of enchant armour {unknown}
 y - a scroll of fear {unknown}
 F - a scroll of recharging {unknown}
Potions
 e - 9 potions of blood
 h - 4 potions of flight {unknown}
 r - a potion of invisibility {unknown}
 s - 2 potions of lignification {unknown}
 t - 2 potions of haste {unknown}
 u - a potion of brilliance {unknown}
 B - a potion of curing {unknown}
Books
 A - a book of Geomancy

   Spells                             Type                      Level
   a - Sandblast                      Earth                        1
   b - Passwall                       Transmutation/Earth          2
   c - Stone Arrow                    Conjuration/Earth            3
   d - Petrify                        Transmutation/Earth          4
   e - Lee's Rapid Deconstruction     Earth                        5


   Skills:
 + Level 3.7 Fighting
 - Level 2.1 Short Blades
 - Level 2.4 Armour
 * Level 6.2 Dodging
 + Level 6.8 Stealth
 - Level 2.6 Shields


You had 6 spell levels left.
You didn't know any spells.

Dungeon Overview and Level Annotations

Branches:
Dungeon (5/15)             Temple (1/1) D:4

Altars:
Cheibriados
Dithmenos
Elyvilon
Fedhas
Kikubaaqudgha
Nemelex Xobeh
Qazlal
Sif Muna
Vehumet
Xom
Yredelemnul
Zin
The Shining One


Innate Abilities, Weirdness & Mutations

You have razor-sharp teeth.
You have supernaturally acute eyesight. (SInv)
You can survive without breathing.


Message History

The sky beast hits you but does no damage.
Your shield and scale mail prevent you from hitting the sky beast.
The sky beast is heavily wounded.
You feel sick. The sky beast hits you.
* * * LOW HITPOINT WARNING * * *
The sky beast shocks you.
* * * LOW HITPOINT WARNING * * *
Your shield prevents you from hitting the sky beast.
The sky beast is heavily wounded.
The sky beast hits you but does no damage.
You closely miss the sky beast.
The sky beast is heavily wounded.
The sky beast barely misses you.
Okay, then.
You hit the sky beast but do no damage.
The sky beast is heavily wounded.
The sky beast hits you.
* * * LOW HITPOINT WARNING * * *
The sky beast shocks you.
You die...

.. ## ###. #. #.. #. #.#
##. ##.## ######
######..####...###.....
.........#≈≈...≈≈#...####
.#######.#≈..♣..≈#.......
..######........@†.#
#......#...♣._.♣.Y.#
####..............##
###.#.#≈..♣..≈##
#...#≈≈...≈≈#
##..###...### ##...##.##
###....# #....


You could see a sky beast.

Vanquished Creatures
  An ogre (D:4)
  A phantom (D:5)
  A scorpion (D:4)
  3 howler monkeys (D:4)
  A bullfrog skeleton (D:4)
  An orc wizard (D:3)
  3 worker ants
  A hound skeleton (D:3)
  A howler monkey zombie (D:5)
  6 adders
  2 oozes (D:2)
  3 adder skeletons (D:4)
  3 worms
  2 leopard geckos
  8 orcs
  5 bats
  3 giant cockroaches
  7 goblins
  7 hobgoblins
  A jackal (D:4)
  9 quokkas
  2 frilled lizards
  A jackal skeleton (D:4)
  6 kobolds
  7 rats
85 creatures vanquished.

Vanquished Creatures (others)
  A quokka (D:5)
1 creature vanquished.

Grand Total: 86 creatures vanquished

Notes
Turn   | Place    | Note
-------+----------+-------------------------------------------
     0 | D:1      | straycat the Vampire Fighter began the quest for the Orb.
     0 | D:1      | Reached XP level 1. HP: 17/17 MP: 1/1
    65 | D:1      | Reached skill level 1 in Dodging
   239 | D:1      | Reached XP level 2. HP: 19/23 MP: 2/2
   953 | D:2      | Reached XP level 3. HP: 24/28 MP: 3/3
  1223 | D:2      | Found a stormy altar of Qazlal.
  1281 | D:2      | Reached skill level 1 in Stealth
  1556 | D:3      | Found a basalt altar of Yredelemnul.
  1576 | D:3      | Reached XP level 4. HP: 30/34 MP: 4/4
  2252 | D:3      | Found a shimmering altar of Xom.
  2259 | D:3      | Reached XP level 5. HP: 38/39 MP: 5/5
  2385 | D:3      | Found a deep blue altar of Sif Muna.
  2783 | D:4      | Reached skill level 5 in Stealth
  3264 | D:4      | Noticed an ogre
  3278 | D:4      | Killed an ogre
  3278 | D:4      | Reached skill level 5 in Dodging
  3278 | D:4      | Reached XP level 6. HP: 10/47 MP: 6/6
  3726 | D:4      | Found a staircase to the Ecumenical Temple.
  3736 | Temple   | Entered the Ecumenical Temple
  4000 | D:4      | Reached XP level 7. HP: 13/52 MP: 7/7
  4581 | D:5      | Entered Level 5 of the Dungeon
  4819 | D:5      | Found a white marble altar of Elyvilon.
  4866 | D:5      | Slain by a sky beast

Skill      XL: |  1  2  3  4  5  6  7 |
---------------+----------------------+-----
Dodging        | 1 2 3 5 6 |  6.2
Stealth        | 2 4 5 6 |  6.8
Fighting       | 3 |  3.7
Short Blades   | |  2.1
Armour         | |  2.4
Shields        | |  2.6

Action                   |  1- 3 |  4- 6 |  7- 9 || total
-------------------------+-------+-------+-------++-------
Melee: Rapier            |   120 |   239 |    53 ||   412
       Bite              |    13 |    29 |     9 ||    51
  Use: Potion            |       |    12 |     4 ||    16
 Stab: Sleeping          |     1 |     1 |       ||     2
Armor: Scale mail        |    51 |    89 |    21 ||   161
Dodge: Dodged            |    33 |   113 |    23 ||   169
Block: Shield            |    39 |   111 |    26 ||   176
